[Event "Titled Tuesday Blitz July 11 Late 2023"]
[White "Stachanczyk, Jacek"]
[Black "Rottenwohrer Suarez, Juan"]
[WhiteFideId "1116657"]
[BlackFideId "32068182"]
[WhiteElo "2359"]
[BlackElo "2542"]
[Result "1/2-1/2"]
[Round "3"]
[TimeControl "180+2"]
[Date "2023.07.11"]
[WhiteClock "0:00:20"]
[BlackClock "0:00:11"]
[Board "110"]

1. e4 c5 2. Nf3 g6 3. d4 cxd4 4. Nxd4 Nc6 5. c4 Nf6 6. Nc3 d6 7. Be2 Nxd4 8. Qxd4 Bg7 9. Be3 O-O 10. Qd2 a5 11. O-O a4 12. f4 Qa5 13. Bf3 Bg4 14. Rac1 Rfc8 15. Nd5 Nxd5 16. Qxa5 Rxa5 17. cxd5 Rxc1 18. Rxc1 Bxf3 19. Rc8+ Bf8 20. gxf3 f5 21. Bd4 Kf7 22. Kf2 Rb5 23. Ke3 Bg7 24. Bxg7 Kxg7 25. Rc2 Kf6 26. h4 Rb4 27. Kd3 e6 28. dxe6 Kxe6 29. Re2 Rb6 30. Kc3 d5 31. exd5+ Kxd5 32. Re7 Rc6+ 33. Kd3 Rb6 34. Kc3 Rc6+ 35. Kd3 Rb6 36. Kc3 1/2-1/2


[Site "https://www.chess.com"]

[Event "Titled Tuesday Blitz July 11 Late 2023"]
[White "Aggelis, Nikolaos"]
[Black "Cluke86"]
[WhiteFideId "4213220"]
[WhiteElo "2537"]
[BlackElo "2355"]
[Result "1-0"]
[Round "3"]
[TimeControl "180+2"]
[Date "2023.07.11"]
[WhiteClock "0:00:40"]
[BlackClock "0:00:02"]
[Board "111"]

1. c4 e5 2. g3 d6 3. Bg2 f5 4. Nc3 Be7 5. e3 Nf6 6. Nge2 c6 7. O-O O-O 8. d3 Qe8 9. f4 Be6 10. Qb3 Qd7 11. Qc2 Na6 12. a3 Bf7 13. b4 Bh5 14. Bb2 Nc7 15. Rae1 a5 16. b5 cxb5 17. cxb5 Rac8 18. Qa4 Bf7 19. Bxb7 Rb8 20. Bc6 Qc8 21. Qxa5 Ncd5 22. Nxd5 Nxd5 23. Qd2 e4 24. dxe4 fxe4 25. Bxd5 Rxb5 26. Bxf7+ Rxf7 27. Nc3 Rb3 28. Nxe4 d5 29. Ng5 Rf5 30. Be5 Qd8 31. Nf3 Bxa3 32. Nd4 Bb4 33. Qc2 Rxe5 34. fxe5 Rc3 35. Qf5 Rc7 36. Ne6 1-0


[Site "https://www.chess.com"]

[Event "Titled Tuesday Blitz July 11 Late 2023"]
[White "Mortazavi, Ali"]
[Black "Semenenko, Dmytry"]
[WhiteFideId "401323"]
[BlackFideId "14118645"]
[WhiteElo "2536"]
[BlackElo "2350"]
[Result "0-1"]
[Round "3"]
[TimeControl "180+2"]
[Date "2023.07.11"]
[WhiteClock "0:00:07"]
[BlackClock "0:01:18"]
[Board "112"]

1. Nf3 d5 2. g3 Nf6 3. Bg2 c6 4. O-O h6 5. d3 Bf5 6. c4 e6 7. Be3 Be7 8. Qb3 b6 9. Nc3 O-O 10. Rac1 Bg4 11. Ne5 d4 12. Nxc6 Nxc6 13. Bxc6 Rc8 14. Bg2 dxe3 15. fxe3 Bc5 16. d4 Be7 17. h3 Bf5 18. g4 Bg6 19. Rfd1 Qc7 20. Nb5 Qg3 21. e4 Qxb3 22. axb3 Bxe4 23. Nxa7 Bxg2 24. Nxc8 Rxc8 25. Kxg2 Ne4 26. Kf3 f5 27. gxf5 exf5 28. Ra1 Ng5+ 29. Kg2 Bd6 30. Ra6 Re8 31. Rxb6 Bc7 32. Rb7 Bf4 33. Kf1 Re3 34. Rd3 Re8 35. c5 Ne4 36. b4 Ng3+ 37. Kg2 Nxe2 38. d5 Be5 39. Re3 Nf4+ 40. Kf3 Nxd5 41. Re1 Kf8 42. b5 Bxb2 43. Rxe8+ Kxe8 44. c6 g5 45. Rd7 Nb6 46. Rb7 Nd5 47. b6 Bd4 48. c7 Kd7 49. Rb8 Nxb6 50. Rxb6 Bxb6 0-1


[Site "https://www.chess.com"]

[Event "Titled Tuesday Blitz July 11 Late 2023"]
[White "Bilan, Danila"]
[Black "Gerbelli Neto, Eduardo"]
[WhiteFideId "24161918"]
[BlackFideId "2103281"]
[WhiteElo "2536"]
[BlackElo "2326"]
[Result "0-1"]
[Round "3"]
[TimeControl "180+2"]
[Date "2023.07.11"]
[WhiteClock "0:00:00"]
[BlackClock "0:00:19"]
[Board "113"]

1. d4 d5 2. Nf3 Nf6 3. c4 c6 4. Nc3 e6 5. Bg5 dxc4 6. e4 b5 7. e5 h6 8. Bh4 g5 9. Nxg5 Nd5 10. Nxf7 Qxh4 11. Nxh8 Bb4 12. Rc1 c5 13. dxc5 Nd7 14. Be2 Nxe5 15. O-O Bb7 16. Bh5+ Kd7 17. Ng6 Nxg6 18. Bxg6 Rg8 19. g3 Rxg6 20. Nxb5 Bxc5 21. Qf3 Qf6 22. Qxf6 Rxf6 23. Rxc4 Bb6 24. a4 a5 25. h4 Nb4 26. Rg4 Bd5 27. Rg7+ Kc6 28. Rc1+ Bc5 29. Rc7+ Kb6 30. R1xc5 Rf3 31. Rc3 Rxc3 32. Rxc3 Nc6 33. Re3 Kc5 34. b3 Nd4 35. g4 Nf3+ 36. Kf1 Nxh4 37. Ke2 Ng6 38. Nc3 Nf4+ 39. Kd2 Bxb3 40. Ne4+ Kb4 41. Nc5 Bd5 42. Nd3+ Nxd3 43. Kxd3 Kxa4 44. Kc3 Kb5 45. Re1 a4 46. Rb1+ Kc5 47. Ra1 Bb3 48. f4 Kd5 49. Re1 Kd6 50. Kb4 Bc2 51. Re5 Bd1 52. Rh5 Bxg4 53. Rxh6 Bd1 54. Rh1 Bc2 55. Re1 Kd5 56. Kc3 Bf5 57. Re5+ Kc6 58. Kd4 Kd6 59. Ra5 Bc2 60. Ra6+ Ke7 61. Ke5 Bb3 62. Ra7+ Kf8 63. Kf6 Ke8 64. Ke5 Kd8 65. Kd6 Kc8 66. Rc7+ Kb8 67. Kc6 Bd5+ 68. Kb6 Bb3 69. Rg7 Kc8 70. Kc6 Kd8 71. Kd6 Ke8 72. Re7+ Kf8 73. Ra7 Ke8 74. Ke5 Kf8 75. Kf6 Ke8 76. Rb7 Kd8 77. Ra7 Kc8 78. Ke5 Kb8 79. Ra5 Kc7 80. Kd4 Kb6 81. Ra8 Kb7 82. Ra5 Kb6 83. Ra8 Kb7 84. Rh8 a3 85. Kc3 a2 86. Rh1 Bd5 87. Kb2 Bxh1 0-1


[Site "https://www.chess.com"]

[Event "Titled Tuesday Blitz July 11 Late 2023"]
[White "Graif, William"]
[Black "Tsyhanchuk, Stanislav"]
[WhiteFideId "2609835"]
[BlackFideId "13505130"]
[WhiteElo "2536"]
[BlackElo "2325"]
[Result "1-0"]
[Round "3"]
[TimeControl "180+2"]
[Date "2023.07.11"]
[WhiteClock "0:00:17"]
[BlackClock "0:00:26"]
[Board "114"]

1. e4 c5 2. Nc3 Nc6 3. Bb5 Nd4 4. Nf3 Nxb5 5. Nxb5 a6 6. Nc3 d6 7. d4 cxd4 8. Qxd4 Nf6 9. Bg5 e5 10. Qb4 Be7 11. O-O-O Bd7 12. Bxf6 Bxf6 13. Qxd6 Bc6 14. Qxd8+ Rxd8 15. Rxd8+ Kxd8 16. Rd1+ Kc8 17. Nd5 Rd8 18. Nxf6 gxf6 19. Rxd8+ Kxd8 20. Nd2 Kd7 21. f3 Ke6 22. Nc4 f5 23. exf5+ Kxf5 24. Na5 Bd5 25. c4 Be6 26. Nxb7 Kf4 27. c5 Bxa2 28. Kd2 Bd5 29. Nd8 h5 30. c6 Bxc6 31. Nxc6 h4 32. Ke2 f5 33. Nb4 a5 34. Nd3+ Kg5 35. Nxe5 Kf4 36. Nc4 a4 37. Nb6 h3 38. gxh3 Ke5 39. Nxa4 Kf4 40. Nc3 Ke5 41. Kd3 Kf4 42. Ke2 Ke5 43. Ke3 f4+ 44. Kd3 Kf5 45. b4 Kg5 46. b5 Kh4 47. b6 Kxh3 48. Ke4 Kxh2 49. b7 Kg3 50. b8=Q Kf2 51. Qxf4 Ke1 52. Qh2 Kf1 53. Qe2+ Kg1 54. f4 Kh1 55. Kf3 Kg1 56. Qg2# 1-0


[Site "https://www.chess.com"]

[Event "Titled Tuesday Blitz July 11 Late 2023"]
[White "Kostiukov, Alexandr"]
[Black "Richter, Paul"]
[WhiteFideId "14108100"]
[BlackFideId "2046350"]
[WhiteElo "2316"]
[BlackElo "2535"]
[Result "0-1"]
[Round "3"]
[TimeControl "180+2"]
[Date "2023.07.11"]
[WhiteClock "0:00:39"]
[BlackClock "0:00:14"]
[Board "115"]

1. g3 Nf6 2. Bg2 g6 3. c4 Bg7 4. Nf3 O-O 5. O-O d6 6. d4 Nbd7 7. Nc3 e5 8. h3 Re8 9. e4 exd4 10. Nxd4 a6 11. Re1 Rb8 12. Rb1 Ne5 13. b3 c5 14. Nc2 b5 15. cxb5 axb5 16. Ne3 b4 17. Ncd5 Nxd5 18. Nxd5 Ba6 19. Bb2 Bb7 20. f4 Nd7 21. Bxg7 Kxg7 22. Qd2 Bxd5 23. Qxd5 Nf6 24. Qd3 Qb6 25. Kh2 h5 26. Re2 Qc7 27. Rd1 Rbd8 28. Bf3 Qe7 29. Qc4 Qc7 30. Red2 Rd7 31. Kg2 Red8 32. g4 h4 33. g5 Ng8 34. Bg4 Re7 35. e5 d5 36. Rxd5 Rxd5 37. Qxd5 Qa5 38. Rd2 Ra7 39. e6 fxe6 40. Qe5+ Kf8 41. Bxe6 c4 42. Qxa5 Rxa5 43. Rd8+ Ke7 44. Rxg8 Kxe6 45. Rxg6+ Kf5 46. Rf6+ Ke4 47. bxc4 Rxa2+ 48. Kf1 b3 49. Rb6 b2 50. g6 Ra1+ 51. Kf2 b1=Q 52. Rxb1 Rxb1 0-1


[Site "https://www.chess.com"]

[Event "Titled Tuesday Blitz July 11 Late 2023"]
[White "Yelisieiev, Yevhenii"]
[Black "Antonio, Jorge Carlos"]
[WhiteFideId "14139642"]
[BlackFideId "113190"]
[WhiteElo "2534"]
[BlackElo "2296"]
[Result "1-0"]
[Round "3"]
[TimeControl "180+2"]
[Date "2023.07.11"]
[WhiteClock "0:00:06"]
[BlackClock "0:00:00"]
[Board "116"]

1. d4 d5 2. c4 c6 3. Nf3 Nf6 4. Nc3 g6 5. g3 Bg7 6. Bg2 O-O 7. Qb3 dxc4 8. Qxc4 Nbd7 9. O-O Nb6 10. Qd3 Bf5 11. e4 Bg4 12. Be3 Bxf3 13. Bxf3 e6 14. a4 Rc8 15. a5 Nbd7 16. b4 a6 17. Na4 Qe7 18. Nc5 Nxc5 19. bxc5 Rfd8 20. e5 Nd5 21. Bd2 Nc7 22. Qe4 Nb5 23. Be3 Nc3 24. Qg4 h5 25. Qh3 Nb5 26. Rfd1 Rd7 27. g4 hxg4 28. Qxg4 Rcd8 29. Bg5 f6 30. Be3 fxe5 31. Qxg6 exd4 32. Bg5 Qf7 33. Qxf7+ Kxf7 34. Bxd8 Rxd8 35. Rd3 e5 36. Be4 Bf8 37. Rc1 Be7 38. Rf3+ Ke6 39. Bd3 Kd7 40. Re1 Nc3 41. Rxe5 Nd5 42. Bf5+ Ke8 43. Be6 Nc7 44. Bf7+ Kd7 45. Bc4 Ke8 46. Rh3 Kd7 47. Rh7 Re8 48. Bf7 Rf8 49. Bc4 Re8 50. f4 Nd5 51. Bxd5 cxd5 52. Rxd5+ Kc6 53. Re5 Bxc5 54. Rxe8 Kb5 55. Kf1 Kxa5 56. Ke2 Kb5 57. Rxb7+ Kc4 58. Rc8 Kd5 59. Rd7+ Kc4 60. Rdc7 1-0


[Site "https://www.chess.com"]

[Event "Titled Tuesday Blitz July 11 Late 2023"]
[White "Coelho, Ramyres Santana"]
[Black "Sidletskyi, Ivan"]
[WhiteFideId "2120690"]
[BlackFideId "14156024"]
[WhiteElo "2292"]
[BlackElo "2533"]
[Result "0-1"]
[Round "3"]
[TimeControl "180+2"]
[Date "2023.07.11"]
[WhiteClock "0:00:08"]
[BlackClock "0:00:18"]
[Board "117"]

1. e4 c5 2. Nf3 Nc6 3. d4 cxd4 4. c3 dxc3 5. Nxc3 g6 6. Bc4 Bg7 7. Qd5 e6 8. Qd6 Nge7 9. h4 Qa5 10. Bd2 Qh5 11. Nb5 O-O 12. Be2 Bxb2 13. Ng5 Qh6 14. Nxe6 dxe6 15. Bxh6 Rd8 16. Qf4 Bxa1 17. O-O Be5 18. Qf3 a6 19. Na3 Nd4 20. Qe3 b5 21. f4 Ndf5 22. exf5 Bd4 23. Qxd4 Rxd4 24. fxg6 hxg6 25. Bf3 Rb8 26. Bg5 Nf5 27. Bf6 Ra4 28. Nb1 Bd7 29. Be5 Rc8 30. Nc3 Rac4 31. Ne4 Kf8 32. Nf6 Bc6 33. Be2 Rc2 34. Bf3 Nxh4 35. Bxc6 R8xc6 36. Rd1 Rc1 37. Rxc1 Rxc1+ 38. Kh2 Rc2 39. Kh3 Nxg2 40. Kg4 Ne3+ 41. Kg5 Nf5 42. Nd7+ Ke7 43. Nb6 Rg2# 0-1


[Site "https://www.chess.com"]

[Event "Titled Tuesday Blitz July 11 Late 2023"]
[White "Hajiyev, Kanan"]
[Black "Ward, Ieuan C"]
[WhiteFideId "13404148"]
[BlackFideId "406627"]
[WhiteElo "2532"]
[BlackElo "2290"]
[Result "1-0"]
[Round "3"]
[TimeControl "180+2"]
[Date "2023.07.11"]
[WhiteClock "0:00:02"]
[BlackClock "0:00:03"]
[Board "118"]

1. d4 Nf6 2. c4 e6 3. Nc3 d5 4. cxd5 exd5 5. Qc2 c6 6. Nf3 Be7 7. Bf4 O-O 8. e3 Nbd7 9. Bd3 Re8 10. O-O Nf8 11. h3 Ne6 12. Be5 g6 13. Rab1 a5 14. a3 Ng7 15. b4 axb4 16. axb4 Bf5 17. b5 Bxd3 18. Qxd3 Ra3 19. bxc6 bxc6 20. Qc2 c5 21. dxc5 Qa5 22. Rb5 Rxc3 23. Qb2 Qxb5 24. Qxb5 Rxc5 25. Qa4 Rec8 26. Qa1 Nge8 27. Nd4 Ne4 28. Nb3 Rc2 29. Nd4 R2c5 30. g4 Bh4 31. Kg2 Bf6 32. Bxf6 N8xf6 33. Rb1 h5 34. gxh5 Nxh5 35. Rb7 R5c7 36. Rxc7 Rxc7 37. Qa2 Rd7 38. Qa4 Rd8 39. Nc6 Rf8 40. Ne7+ Kg7 41. Nxd5 Nhf6 42. Qd4 Rd8 43. f3 Rd6 44. fxe4 Kf8 45. Qe5 Ne8 46. Qh8# 1-0


[Site "https://www.chess.com"]

[Event "Titled Tuesday Blitz July 11 Late 2023"]
[White "Harish, Neeraj"]
[Black "Leenhouts, Koen"]
[WhiteFideId "30958130"]
[BlackFideId "1008439"]
[WhiteElo "2289"]
[BlackElo "2532"]
[Result "1-0"]
[Round "3"]
[TimeControl "180+2"]
[Date "2023.07.11"]
[WhiteClock "0:00:09"]
[BlackClock "0:00:09"]
[Board "119"]

1. Nf3 Nf6 2. c4 g6 3. Nc3 d5 4. cxd5 Nxd5 5. g3 Bg7 6. Bg2 O-O 7. O-O c5 8. a3 Nc6 9. Qc2 Nb6 10. d3 Nd4 11. Nxd4 cxd4 12. Ne4 Be6 13. Bd2 Rc8 14. Qd1 Bd5 15. b4 h6 16. Nc5 Bxg2 17. Kxg2 Qd5+ 18. Kg1 Nd7 19. Nxd7 Qxd7 20. Qb3 h5 21. Rac1 h4 22. Rc4 b5 23. Rc5 Rxc5 24. bxc5 Qc6 25. Rc1 h3 26. f3 Rc8 27. Qd1 Qd5 28. Qf1 Rxc5 29. Qxh3 Rxc1+ 30. Bxc1 Qc5 31. Qf1 a5 32. Qd1 a4 33. Bb2 e6 34. Qd2 Bf8 35. Kg2 b4 36. axb4 Qxb4 37. Qxb4 Bxb4 38. Bxd4 a3 39. Kf2 a2 40. Ba1 Kf8 41. Ke3 Ke7 42. Kd4 Bd6 43. Kc4 e5 44. Kb3 Ke6 45. Kxa2 Kd5 46. Kb3 Bc5 47. Kc2 Bg1 48. h3 f5 49. Kd2 Bc5 50. e3 Bd6 51. f4 Ke6 52. fxe5 Be7 53. Ke2 Kd5 54. Kf3 Bb4 55. h4 Ke6 56. g4 Bf8 57. gxf5+ Kxf5 58. e4+ Ke6 59. d4 Bh6 60. d5+ Kd7 61. Kg4 Bg7 62. e6+ 1-0


[Site "https://www.chess.com"]

[Event "Titled Tuesday Blitz July 11 Late 2023"]
[White "Ardila, Oscar Humberto"]
[Black "MFatigue"]
[WhiteFideId "4404742"]
[WhiteElo "2279"]
[BlackElo "2531"]
[Result "0-1"]
[Round "3"]
[TimeControl "180+2"]
[Date "2023.07.11"]
[WhiteClock "0:00:00"]
[BlackClock "0:02:39"]
[Board "120"]

1. d4 d5 2. c4 c6 3. e3 Nf6 4. Nc3 e6 5. Nf3 Nbd7 6. Bd3 dxc4 7. Bxc4 b5 8. Bd3 Bd6 9. O-O O-O 10. Qc2 Bb7 11. Ne4 Nxe4 12. Bxe4 f5 13. Bd3 c5 14. dxc5 Rc8 15. b4 Bxf3 16. gxf3 Bxh2+ 17. Kxh2 Qh4+ 18. Kg2 Qg5+ 19. Kh2 Rf6 20. Bxf5 exf5 21. Qb3+ Kh8 0-1


[Site "https://www.chess.com"]

[Event "Titled Tuesday Blitz July 11 Late 2023"]
[White "brm72"]
[Black "Marchesich, Giovanni"]
[BlackFideId "2824790"]
[WhiteElo "2528"]
[BlackElo "2272"]
[Result "1-0"]
[Round "3"]
[TimeControl "180+2"]
[Date "2023.07.11"]
[WhiteClock "0:00:30"]
[BlackClock "0:00:00"]
[Board "121"]

1. e4 e5 2. Nf3 d5 3. exd5 e4 4. Qe2 Nf6 5. d3 Bb4+ 6. c3 O-O 7. dxe4 Bc5 8. Bg5 Re8 9. Nbd2 h6 10. Bxf6 Qxf6 11. O-O-O c6 12. Nb3 Bb6 13. c4 cxd5 14. cxd5 Bf5 15. e5 Qg6 16. Nfd4 Nd7 17. Nxf5 Qxf5 18. Qd3 Rac8+ 19. Kb1 Qxf2 20. e6 Ne5 21. Qe4 fxe6 22. Bb5 exd5 23. Qxd5+ Kh8 24. Bxe8 Qc2+ 25. Ka1 Nc4 26. Rb1 Ne3 27. Qe6 Qxg2 28. Bg6 Rd8 29. Rhc1 Qxh2 30. Rc8 Qh4 31. Rxd8+ Qxd8 32. Rc1 Bc7 33. Rxc7 Qd1+ 34. Rc1 Nc2+ 35. Bxc2 Qxc1+ 36. Nxc1 1-0


[Site "https://www.chess.com"]

[Event "Titled Tuesday Blitz July 11 Late 2023"]
[White "Kiselev, Pavel"]
[Black "Francisco Guecamburu, Candela Be"]
[WhiteFideId "4191102"]
[BlackFideId "160911"]
[WhiteElo "2270"]
[BlackElo "2528"]
[Result "0-1"]
[Round "3"]
[TimeControl "180+2"]
[Date "2023.07.11"]
[WhiteClock "0:00:16"]
[BlackClock "0:00:08"]
[Board "122"]

1. Nf3 c5 2. c4 Nc6 3. d4 cxd4 4. Nxd4 g6 5. g3 Bg7 6. Nxc6 bxc6 7. Bg2 Nf6 8. O-O O-O 9. Nc3 Rb8 10. b3 d5 11. cxd5 cxd5 12. Bb2 Bb7 13. e3 e5 14. Rc1 d4 15. exd4 exd4 16. Na4 Bxg2 17. Kxg2 Qd5+ 18. Qf3 Rfd8 19. Rfd1 Ne4 20. Rc4 Nc3 21. Qxd5 Nxd5 22. Bxd4 Ne7 23. Nc3 Nf5 24. Bxg7 Rxd1 25. Nxd1 Kxg7 26. Rc7 Rd8 27. Nc3 a6 28. Rc6 Rd3 29. Ne4 Rd4 30. f3 a5 31. Kf2 Rd3 32. Ke2 Re3+ 33. Kf2 Rd3 34. Rc3 Rd5 35. Rc5 Rd3 36. Rxa5 Nd4 37. f4 Rf3+ 38. Kg2 Re3 39. Nc5 Re2+ 40. Kf1 Rxh2 41. Ne4 Nf3 42. a4 Rb2 43. Rb5 Nh2+ 44. Ke1 Nf3+ 45. Kd1 Nd4 46. b4 Nxb5 47. axb5 Rxb4 48. Nc3 f5 49. Kd2 h6 50. Kd3 g5 51. fxg5 hxg5 52. Ke3 Kg6 53. Kd2 f4 54. gxf4 gxf4 55. Nd5 Rd4+ 56. Kc2 Rxd5 0-1


[Site "https://www.chess.com"]

[Event "Titled Tuesday Blitz July 11 Late 2023"]
[White "rionelG"]
[Black "D`Arruda, Ricardo D."]
[BlackFideId "100692"]
[WhiteElo "2256"]
[BlackElo "2528"]
[Result "0-1"]
[Round "3"]
[TimeControl "180+2"]
[Date "2023.07.11"]
[WhiteClock "0:00:00"]
[BlackClock "0:00:55"]
[Board "123"]

1. e4 c5 2. g3 Nc6 3. Bg2 Nf6 4. Ne2 d5 5. exd5 Nxd5 6. O-O g6 7. Nbc3 Nxc3 8. bxc3 Qc7 9. d4 Bg7 10. Bf4 e5 11. d5 exf4 12. dxc6 fxg3 13. hxg3 bxc6 14. Qd3 O-O 15. Qe3 Ba6 16. Rfe1 Rfe8 17. Qf3 Rad8 18. Nf4 Bb5 19. a4 Rxe1+ 20. Rxe1 Bxa4 21. Qe4 Bb5 22. c4 Ba6 23. Qxc6 Qxc6 24. Bxc6 Bxc4 25. Re7 a6 26. Ra7 h6 27. Bb7 Rd6 28. Nd3 Bd4 29. Kg2 Kg7 30. f4 Rd7 31. Kh3 Be6+ 32. g4 h5 33. f5 hxg4+ 34. Kxg4 Bxf5+ 35. Kf4 c4 0-1


[Site "https://www.chess.com"]

[Event "Titled Tuesday Blitz July 11 Late 2023"]
[White "Kanyamarala, Tarun"]
[Black "SicilianPanzer"]
[WhiteFideId "45004714"]
[WhiteElo "2527"]
[BlackElo "2255"]
[Result "1-0"]
[Round "3"]
[TimeControl "180+2"]
[Date "2023.07.11"]
[WhiteClock "0:00:49"]
[BlackClock "0:00:02"]
[Board "124"]

1. Nf3 Nf6 2. b3 g6 3. Bb2 Bg7 4. c4 O-O 5. g3 d6 6. d4 Bf5 7. Bg2 c6 8. O-O a5 9. a3 Nbd7 10. Nh4 Be4 11. f3 Bxb1 12. Rxb1 d5 13. e4 e6 14. e5 Ne8 15. cxd5 cxd5 16. f4 Rc8 17. Nf3 a4 18. bxa4 Qa5 19. Ba1 b6 20. Rb5 Qa7 21. g4 Rc4 22. f5 Nc7 23. Rb1 Ra8 24. Ng5 Qxa4 25. Qf3 Rxd4 26. Nxf7 exf5 27. Bxd4 Qxd4+ 28. Kh1 Nxe5 29. Nxe5 Bxe5 30. gxf5 g5 31. f6 Ne6 32. Qf5 Nf8 33. Qxg5+ Ng6 34. Rbd1 1-0


[Site "https://www.chess.com"]

[Event "Titled Tuesday Blitz July 11 Late 2023"]
[White "Ismagilov, Damir"]
[Black "Chemin, Justo Reinaldo"]
[WhiteFideId "34199982"]
[BlackFideId "2101580"]
[WhiteElo "2526"]
[BlackElo "2249"]
[Result "1-0"]
[Round "3"]
[TimeControl "180+2"]
[Date "2023.07.11"]
[WhiteClock "0:01:22"]
[BlackClock "0:00:52"]
[Board "125"]

1. e4 e6 2. d4 d5 3. exd5 exd5 4. Bd3 Bd6 5. Ne2 Nf6 6. O-O O-O 7. h3 Nc6 8. Bg5 h6 9. Bh4 Be6 10. c3 Be7 11. Nd2 Qd7 12. Qc2 Rae8 13. Rae1 g5 14. Bg3 Nh5 15. Bh2 f5 16. f4 Ng7 17. Nf3 g4 18. hxg4 fxg4 19. Ne5 Nxe5 20. fxe5 Bf5 21. Bf4 h5 22. Bh6 Bxd3 23. Qxd3 Qe6 24. Bxg7 Kxg7 25. Nf4 Qf5 26. Qxf5 Rf7 27. Qg6+ 1-0


[Site "https://www.chess.com"]

[Event "Titled Tuesday Blitz July 11 Late 2023"]
[White "rikchessmx"]
[Black "Poltorak, Sebastian"]
[BlackFideId "1199498"]
[WhiteElo "2244"]
[BlackElo "2524"]
[Result "1-0"]
[Round "3"]
[TimeControl "180+2"]
[Date "2023.07.11"]
[WhiteClock "0:00:43"]
[BlackClock "0:00:03"]
[Board "126"]

1. e4 f6 2. d4 g6 3. Nc3 Bg7 4. Bc4 Nh6 5. Bb3 e6 6. h4 Nf7 7. h5 g5 8. f4 h6 9. Be3 O-O 10. Qe2 c6 11. O-O-O d5 12. f5 exf5 13. exd5 f4 14. Bf2 Bf5 15. dxc6 Nxc6 16. Qb5 Qd7 17. Nf3 a6 18. Qb6 Rfe8 19. Rhe1 Rad8 20. Rxe8+ Rxe8 21. d5 Nce5 22. Nd4 Bg4 23. Re1 Rd8 24. Ne6 Rc8 25. Nc5 Qc7 26. Qxb7 Bxh5 27. Qxa6 f3 28. Ne6 Qd6 29. Qxc8+ Kh7 30. Ne4 Qb4 31. c3 Qb5 32. Nxg7 Nd3+ 33. Kb1 Nxe1 34. c4 Qa5 35. Nxh5 Kg6 36. Nhxf6 Ne5 37. Qe8+ Kf5 38. g4+ Kf4 39. Bg3+ Ke3 40. Nc3 Nd3 41. Bxe5 Kd2 42. Bg3 Qc5 43. Nfe4+ 1-0


[Site "https://www.chess.com"]

[Event "Titled Tuesday Blitz July 11 Late 2023"]
[White "Michalczak, Thomas"]
[Black "Kopacz, Grzegorz"]
[WhiteFideId "4622634"]
[BlackFideId "1109880"]
[WhiteElo "2522"]
[BlackElo "2234"]
[Result "1-0"]
[Round "3"]
[TimeControl "180+2"]
[Date "2023.07.11"]
[WhiteClock "0:01:23"]
[BlackClock "0:00:07"]
[Board "127"]

1. e4 c5 2. c3 d5 3. exd5 Qxd5 4. Nf3 Bg4 5. Qa4+ Bd7 6. Qb3 Qxb3 7. axb3 g6 8. Ne5 Bg7 9. Nxd7 Nxd7 10. Na3 a6 11. Be2 e6 12. O-O Ne7 13. Nc4 O-O 14. Nd6 b5 15. Bf3 Rab8 16. Rxa6 Ne5 17. Be2 b4 18. f4 N5c6 19. Bc4 Rfd8 20. Ne4 bxc3 21. bxc3 Ra8 22. Rxa8 Rxa8 23. Nxc5 Na5 24. Be2 Rc8 25. d4 Nd5 26. Bd2 Bf8 27. b4 Nb3 28. Nxb3 1-0


[Site "https://www.chess.com"]

[Event "Titled Tuesday Blitz July 11 Late 2023"]
[White "BrandonJiang123456"]
[Black "Mattheii"]
[WhiteElo "2232"]
[BlackElo "2521"]
[Result "0-1"]
[Round "3"]
[TimeControl "180+2"]
[Date "2023.07.11"]
[WhiteClock "0:00:00"]
[BlackClock "0:00:06"]
[Board "128"]

1. e4 c5 2. Nf3 Nc6 3. Bb5 g6 4. c3 Bg7 5. d4 cxd4 6. cxd4 Qb6 7. Nc3 Nxd4 8. Nd5 Nxf3+ 9. Qxf3 Qd6 10. Bf4 Be5 11. Bxe5 Qxe5 12. Rc1 Kf8 13. O-O e6 14. Qa3+ Kg7 15. Nc7 Nf6 16. Be2 Rb8 17. Qxa7 Qxb2 18. Bf3 d5 19. e5 Nd7 20. Rb1 Qxe5 21. Rfc1 b5 22. Nxb5 Rb7 23. Qa5 Qb8 24. a4 Ne5 25. Qc3 f6 26. Be2 Bd7 27. f4 Rc8 28. Qe3 Rxc1+ 29. Rxc1 Bxb5 30. Bxb5 Nf7 31. Qxe6 Qxf4 32. Rf1 Qd4+ 33. Kh1 Rc7 34. a5 Rc5 35. Be8 Rc7 36. a6 Ng5 37. Qd6 Ra7 38. Bb5 Ne4 39. Qf4 Qb6 40. Be2 Re7 41. Bf3 g5 42. Qg4 Nf2+ 43. Rxf2 Re1+ 0-1


[Site "https://www.chess.com"]

[Event "Titled Tuesday Blitz July 11 Late 2023"]
[White "Santos Flores, Alberto"]
[Black "Cooper, Aaron"]
[WhiteFideId "3601234"]
[BlackFideId "2634945"]
[WhiteElo "2521"]
[BlackElo "2232"]
[Result "1/2-1/2"]
[Round "3"]
[TimeControl "180+2"]
[Date "2023.07.11"]
[WhiteClock "0:00:21"]
[BlackClock "0:00:14"]
[Board "129"]

1. e4 d5 2. exd5 Qxd5 3. Nf3 Bg4 4. Be2 Nc6 5. d4 e5 6. c4 Qa5+ 7. Bd2 Bb4 8. d5 Bxf3 9. Bxf3 Nd4 10. Nc3 O-O-O 11. O-O f5 12. a3 Bxc3 13. Bxc3 Qc5 14. Bxd4 exd4 15. Qd3 Ne7 16. Rad1 c6 17. dxc6 Nxc6 18. b4 Qe5 19. Rfe1 Qf6 20. Bd5 Rhe8 21. f4 g6 22. g3 h5 23. Qf3 h4 24. b5 Na5 25. c5 hxg3 26. hxg3 g5 27. fxg5 Qxg5 28. c6 bxc6 29. bxc6 Re3 30. Rxe3 dxe3 31. Be6+ Kc7 32. Rxd8 Kxd8 33. Qd5+ Ke7 34. Qe5 e2 35. Bc4+ Kd8 36. c7+ Kc8 37. Bxe2 Qc1+ 38. Kg2 Qxc7 39. Qxf5+ Kb8 40. Bf3 Nc4 41. Qf8+ Qc8 42. Qb4+ Nb6 43. a4 Qc2+ 44. Kg1 Qxa4 45. Qf8+ Kc7 46. Qe7+ Kb8 47. Qd6+ Kc8 48. Bc6 Qa1+ 49. Kg2 Qg7 50. Bf3 Qc7 51. Qf8+ Qd8 52. Bg4+ Kc7 53. Qf7+ Kb8 54. Bf3 Qd2+ 55. Kg1 Qc1+ 56. Kh2 Qd2+ 57. Bg2 Qd7 58. Qf8+ Kc7 59. Qc5+ Kd8 60. Qg5+ Kc7 61. Qe5+ Kd8 62. Qf6+ Kc7 63. Qf4+ Kd8 64. g4 Qc7 65. Qxc7+ Kxc7 66. g5 Kd6 67. Kg3 Ke7 68. Kf4 Kf8 69. Ke5 Nd7+ 70. Kd6 Nb6 71. Be4 Kg7 72. Kc5 Nd7+ 73. Kd6 Nf8 74. Kc6 Nh7 75. Bxh7 Kxh7 76. Kb5 Kg6 77. Ka6 Kxg5 78. Kxa7 1/2-1/2


[Site "https://www.chess.com"]

[Event "Titled Tuesday Blitz July 11 Late 2023"]
[White "Gasparyan, David"]
[Black "Schachpanda_Youtube"]
[WhiteFideId "13311980"]
[WhiteElo "2519"]
[BlackElo "2222"]
[Result "0-1"]
[Round "3"]
[TimeControl "180+2"]
[Date "2023.07.11"]
[WhiteClock "0:00:53"]
[BlackClock "0:00:17"]
[Board "130"]

1. Nf3 d5 2. d4 Nf6 3. Bf4 Bf5 4. e3 e6 5. h3 Bd6 6. Be5 Nbd7 7. Bb5 O-O 8. Bxd6 cxd6 9. O-O Qb6 10. Nc3 a6 11. Bd3 Bxd3 12. Qxd3 Rac8 13. Rfb1 Rfd8 14. a4 Qc6 15. a5 e5 16. Qe2 e4 17. Nd2 Ne8 18. Ra3 f5 19. b4 Nef6 20. b5 axb5 21. Qxb5 Rb8 22. a6 Qxb5 23. Rxb5 bxa6 24. Rxa6 Rdc8 25. Nxd5 Nxd5 26. Rxd5 Rxc2 27. Nf1 Rb1 28. Rdxd6 Nf6 29. Ra7 h5 30. Rd8+ Kh7 31. Rf8 Rcc1 32. Rxf6 Rxf1+ 33. Kh2 h4 34. g4 Rh1+ 35. Kg2 Rbg1# 0-1


[Site "https://www.chess.com"]

[Event "Titled Tuesday Blitz July 11 Late 2023"]
[White "feuervogel1000000"]
[Black "Ankerst, Mihael"]
[BlackFideId "14602369"]
[WhiteElo "2519"]
[BlackElo "2217"]
[Result "1-0"]
[Round "3"]
[TimeControl "180+2"]
[Date "2023.07.11"]
[WhiteClock "0:00:30"]
[BlackClock "0:00:01"]
[Board "131"]

1. e4 c5 2. Nf3 Qb6 3. Nc3 Nc6 4. Be2 e6 5. O-O a6 6. Re1 d6 7. Bf1 Be7 8. a4 Nf6 9. e5 dxe5 10. Nxe5 O-O 11. b3 Nd4 12. Bb2 Qc7 13. a5 Rd8 14. Nc4 Bd7 15. Nb6 Rab8 16. Ne2 Bc6 17. Nxd4 cxd4 18. Qe2 Bb4 19. c3 Bxa5 20. Rxa5 Qxb6 21. Rg5 h6 22. Rg3 Qxb3 23. Qe5 Ne8 24. Bc1 Qd5 25. Qf4 Qd6 26. Qh4 Kf8 27. cxd4 Qxd4 28. Ba3+ Kg8 29. Qxh6 Rd5 30. Rxe6 Rf5 31. Ree3 b5 32. Bc5 Qf6 33. Qxf6 Rxf6 34. Bd4 Re6 35. Be5 Ra8 36. d4 b4 37. Bc4 Re7 38. d5 Bb5 39. Bb3 a5 40. d6 Rd7 41. Bd5 Ra6 42. Bb2 Rdxd6 43. Bb7 Rab6 44. Bf3 Rg6 45. Rxg6 Rxg6 46. Re5 Rb6 47. Bd4 Rb8 48. g3 f6 49. Bd5+ Kh7 50. Rh5+ Kg6 51. g4 Nd6 52. f4 f5 53. Rg5+ Kh6 54. Bxg7+ Kh7 55. Be5 Rd8 56. Rg7+ Kh6 57. g5+ Kh5 58. Bf3+ Kh4 59. Rh7# 1-0


[Site "https://www.chess.com"]